 Dungeon Crawl Stone Soup version 0.28.0-55-gcd9437bce4 (webtiles) character file.

Game seed: 12202297379709281834

4591 mampy3000 the Cleaver (level 10, -7/88 HPs)
             Began as a Minotaur Berserker on Jan 7, 2023.
             Was an Elder of Trog.
             Mangled by an orc warrior
             ... wielding a +0 halberd
              (9 damage)
             ... on level 8 of the Dungeon.
             The game lasted 00:21:47 (8280 turns).

mampy3000 the Cleaver (Minotaur Berserker)          Turns: 8280, Time: 00:21:48

Health: -7/88      AC: 11    Str: 22    XL:     10   Next: 18%
Magic:  9/9        EV: 12    Int:  4    God:    Trog [****..]
Gold:   327        SH:  0    Dex: 14    Spells: 9/9 levels left

rFire   + . .      SeeInvis .   a - +1 war axe (drain)
rCold   . . .      Faith    .   (no shield)
rNeg    . . .      Spirit   .   i - +1 scale mail
rPois   +          Reflect  .   (helmet restricted)
rElec   .          Harm     .   (no cloak)
rCorr   .          Rampage  .   t - +0 pair of gloves
Will    .....                   (no boots)
Stlth   ..........              (no amulet)
HPRegen 0.24/turn               j - ring of protection from fire
MPRegen 0.11/turn               d - ring of poison resistance

@: on berserk cooldown, slowed, very slow
A: horns 2, retaliatory headbutt
a: Renounce Religion, Berserk, Trog's Hand, Brothers in Arms


You were on level 8 of the Dungeon.
You worshipped Trog.
Trog was greatly pleased with you.
You visited 1 branch of the dungeon, and saw 8 of its levels.
You also visited: Sewer.

You collected 327 gold pieces.

Inventory:

Hand Weapons
 a - a +1 war axe of draining (weapon)
 o - a +0 whip
 r - a +0 trident
 F - a +5 hand axe of freezing
Armour
 i - a +1 scale mail (worn)
 t - a +0 pair of gloves (worn)
Jewellery
 d - a ring of poison resistance (right hand)
 j - a ring of protection from fire (left hand)
 E - a ring of magical power
Wands
 q - a wand of mindburst (12)
 z - a wand of flame (24)
 A - a wand of acid (11)
Scrolls
 b - a scroll of enchant armour
 c - a scroll of holy word {unknown}
 h - 6 scrolls of identify {unknown}
 k - 2 scrolls of fear {unknown}
 l - a scroll of noise {unknown}
 m - a scroll of fog
 s - a scroll of enchant weapon {unknown}
 u - a scroll of vulnerability {unknown}
 y - 2 scrolls of teleportation {unknown}
 C - a scroll of silence {unknown}
 D - a scroll of immolation {unknown}
Potions
 e - 2 potions of heal wounds {unknown}
 f - 5 potions of curing {unknown}
 g - a potion of degeneration {unknown}
 n - a potion of berserk rage {unknown}
 p - a potion of cancellation {unknown}
 v - 2 potions of invisibility
 w - a potion of brilliance {unknown}
 x - 3 potions of mutation {unknown}
 B - a potion of lignification {unknown}


   Skills:
 + Level 8.1 Fighting
 + Level 11.9 Axes
 + Level 10.0 Armour
 + Level 6.0 Dodging
 + Level 1.4 Stealth


You had 9 spell levels left.
You didn't know any spells.
Your spell library was empty.

Dungeon Overview and Level Annotations

Branches:
Dungeon (8/15)             Temple (0/1) D:7           Sewer (visited)
   Lair: D:8-11

Altars:
Trog
Yredelemnul

Shops:
D:3 ?

Annotations:
D:5 1 runed translucent door, safid's ghost, novice HOFi
D:6 2 transporters, nerdsy's ghost, novice DDDe


Innate Abilities, Weirdness & Mutations

You have a pair of horns on your head.
You reflexively headbutt those who attack you in melee.


Message History

The orc barely misses you. The orc warrior completely misses you.
You furiously retaliate!
You headbutt the orc warrior.
Items here: )) [ †.
You feel a strong urge to attack something.
The orc hits you but does no damage.
The orc warrior hits you with a +0 halberd.
Things that are here:
a +0 shortbow; 25 arrows The orc warrior closely misses you.
Items here: )) [ †.
You feel your anger nearly subside.
You are no longer berserk.
You are exhausted.
You feel yourself slow down.
The orc warrior hits you from afar with a +0 halberd!
The orc hits you with a +0 club.
The orc warrior hits you from afar with a +0 halberd!
Items here: )) [ †.
You slash something! Trog accepts your kill.
Trog appreciates your killing of a magic user.
Reactivating autopickup.
You feel a bit more experienced.
The orc warrior hits you from afar with a +0 halberd!
You slash the orc!
You kill the orc!
Trog accepts your kill. The orc warrior closely misses you.
The orc warrior hits you with a +0 halberd!
The orc warrior hits you with a +0 halberd!!
* * * LOW HITPOINT WARNING * * *
Items here: ( ))) [.
You slash the orc warrior!
The orc warrior is moderately wounded.
The orc warrior hits you with a +0 halberd!
* * * LOW HITPOINT WARNING * * *
You hit the orc warrior but do no damage.
You drain the orc warrior.
The orc warrior is heavily wounded.
The orc warrior hits you with a +0 halberd!
You die...

......################
#####........#
#.######.# . ####'## #.#
.. #.....## #.# ####...
##......####.# .......
...........#.# ...)...
.####.####.#.####.......
.... #.....)@o..[...
#..... #.#.####.......
#..... #..... .....##
....._......#### #....#
.#.......#.## ....#
...#.# ....# .. #.# ...#
.## #.# ...#


You could see an orc warrior (drained).

Vanquished Creatures
  A hydra (D:8)
  A yaktaur (shapeshifter) (D:8)
  A slime creature (D:8)
  Grinder (D:5)
  A vampire mosquito (D:8)
  4 ice beasts
  4 necrophages
  An orc warrior (D:8)
  2 ogres
  A black bear (D:6)
  4 centaurs
  2 phantoms
  2 kobold brigands
  A bullfrog (D:6)
  A wyvern zombie (D:5)
  2 scorpions
  7 wights
  A centaur zombie (D:8)
  3 jellies
  A hound (D:6)
  4 orc priests
  2 bullfrog skeletons (D:6)
  4 centaur skeletons
  Ijyb (D:5)
  Terence (D:2)
  2 iguanas
  5 orc wizards
  4 killer bee zombies
  A hound skeleton (D:4)
  Robin (D:2)
  7 adders
  A shadow imp (D:5)
  An ufetubus (D:6)
  2 worms
  4 dart slugs
  41 orcs
  4 ball pythons
  4 bats
  4 endoplasms
  6 giant cockroaches
  17 goblins
  12 hobgoblins
  3 jackals (D:1)
  12 kobolds
  5 quokkas
  4 frilled lizards
  A quokka skeleton (D:4)
  4 rats
198 creatures vanquished.

Vanquished Creatures (others)
  A demonic plant (D:1)
  3 fungi (D:1)
  8 plants
12 creatures vanquished.

Grand Total: 210 creatures vanquished

Notes
Turn   | Place    | Note
-------+----------+-------------------------------------------
     0 | D:1      | mampy3000 the Minotaur Berserker began the quest for the
                  | Orb.
     0 | D:1      | Reached XP level 1. HP: 19/19 MP: 0/0
    68 | D:1      | Reached XP level 2. HP: 10/27 MP: 1/1
    87 | D:1      | Reached skill level 4 in Axes
   275 | D:1      | Found a faded altar of an unknown god.
   764 | D:1      | Reached XP level 3. HP: 33/33 MP: 2/2
  1202 | D:2      | Reached ** piety under Trog
  1276 | D:2      | Noticed Robin
  1298 | D:2      | Killed Robin
  1383 | D:2      | Noticed Terence
  1404 | D:2      | Reached XP level 4. HP: 37/41 MP: 3/3
  1433 | D:2      | Killed Terence
  1560 | D:2      | Reached skill level 5 in Axes
  2022 | D:3      | Found a bloodstained altar of Trog.
  2073 | D:3      | Found Aroih's Magic Scroll Emporium.
  2346 | D:3      | Reached XP level 5. HP: 46/47 MP: 4/4
  2607 | D:3      | Identified the +0 robe of Wrong Decisions {rC+++ rCorr
                  | Str-4 Int-4}
  3103 | D:4      | Reached skill level 5 in Armour
  3103 | D:4      | Reached XP level 6. HP: 55/55 MP: 5/5
  3526 | D:4      | Reached skill level 5 in Fighting
  3796 | D:4      | Reached skill level 6 in Axes
  3868 | D:5      | Entered Level 5 of the Dungeon
  3914 | D:5      | Noticed Grinder
  3927 | D:5      | Reached *** piety under Trog
  3928 | D:5      | Reached XP level 7. HP: 51/61 MP: 6/6
  3930 | D:5      | Paralysed by Grinder for 4 turns
  3940 | D:5      | Paralysed by Grinder for 3 turns
  3945 | D:5      | Killed Grinder
  3946 | D:5      | Reached skill level 7 in Axes
  4101 | D:5      | Found a runed translucent door.
  4101 | D:5      | Noticed safid's ghost (novice HOFi)
  4239 | D:5      | Reached XP level 8. HP: 70/70 MP: 7/7
  4467 | D:5      | Found a glowing drain.
  4471 | Sewer    | Entered a sewer
  4558 | Sewer    | Reached skill level 8 in Axes
  5068 | D:5      | Noticed Ijyb
  5079 | D:5      | Killed Ijyb
  5225 | D:6      | Found a transporter.
  5228 | D:6      | Found a transporter.
  5228 | D:6      | Noticed nerdsy's ghost (novice DDDe)
  5230 | D:6      | Noticed a four-headed hydra
  5331 | D:6      | Reached skill level 9 in Axes
  5887 | D:6      | Reached skill level 1 in Stealth
  6034 | D:6      | Reached XP level 9. HP: 72/77 MP: 8/8
  6165 | D:7      | Reached skill level 5 in Dodging
  6416 | D:7      | Found a staircase to the Ecumenical Temple.
  6599 | D:7      | Reached skill level 10 in Axes
  6674 | D:7      | Reached **** piety under Trog
  7273 | D:8      | Noticed a five-headed hydra
  7285 | D:8      | Killed an 11-headed hydra
  7286 | D:8      | Reached skill level 11 in Axes
  7542 | D:8      | Noticed a harpy
  7547 | D:8      | Noticed a yaktaur
  7547 | D:8      | a harpy changed into a yaktaur
  7552 | D:8      | Killed a yaktaur
  7553 | D:8      | Reached XP level 10. HP: 40/88 MP: 9/9
  7566 | D:8      | Identified the +5 ring mail of the Devil's Advocate {MP+9
                  | Int+4 Stlth+}
  8246 | D:8      | Found a basalt altar of Yredelemnul.
  8268 | D:8      | Reached skill level 10 in Armour
  8279 | D:8      | HP: 2/88 [orc warrior/+0 halberd (15)]
  8280 | D:8      | Mangled by an orc warrior

Illustrated notes

Levels and vault maps discovered:
D:1:      saegor_arrival_simple_c, layout_basic, shapermc_ecumenical_altar_gd
D:2:      layout_rooms, chequers_serial_rivers_small_b, serial_bayou_lagoon_b,
          uniq_robin, uniq_terence
D:3:      layout_basic, trog_three_pillars_becter, serial_shops, shop,
          minmay_misc_feat_rows, chequers_serial_rivers_micro_a
D:4:      layout_loops_ring, minivault_4, hangedman_decor_slide_cut
D:5:      layout_basic, hellmonk_ghost_happy_afterlife, gup_sewer_entry_spiral,
          uniq_grinder, uniq_ijyb
D:6:      layout_gridville, gammafunk_ghost_arena, serial_park_tiny_2
D:7:      layout_cave_pods, minmay_temple_entry_mist, minmay_chambers_of_fives
D:8:      layout_basic, old_standard_altar, minmay_diamond_spiral, uniq_psyche

Skill      XL: |  1  2  3  4  5  6  7  8  9 10 |
---------------+-------------------------------+-----
Axes           | 4 5 6 7 9 11 | 11.9
Fighting       | 4 5 6 7 8 |  8.1
Armour         | 3 5 7 8 9 10 | 10.0
Dodging        | 3 4 5 6 |  6.0
Stealth        | 1 |  1.4

Action                   |  1- 3 |  4- 6 |  7- 9 | 10-12 || total
-------------------------+-------+-------+-------+-------++-------
Melee: Hand axe          |    83 |   154 |   278 |       ||   515
       Headbutt          |    16 |    23 |    48 |     7 ||    94
       Punch             |       |     1 |     1 |       ||     2
       War axe           |       |       |     8 |    37 ||    45
Invok: Trog's Hand       |     1 |     2 |     3 |       ||     6
       Berserk           |       |     3 |     7 |     1 ||    11
  Use: Scroll            |       |     1 |     1 |       ||     2
Armor: Animal skin       |     8 |       |       |       ||     8
       Ring mail         |    19 |     4 |       |       ||    23
       Scale mail        |       |    47 |   119 |    12 ||   178
Dodge: Dodged            |    50 |    85 |   170 |    25 ||   330
